Cogmind - Beta 11 @@@ ROGUE MODE // 2022.04.08 @ 00:37:25 Player: maxwell Result: Destroyed by G-50 Soldier with Heavy Laser Performance ------------- Evolutions (3) 1500 Regions Visited (6) 1200 Robots Destroyed (126) 630 Value Destroyed (4206) 4206 Prototype IDs (11) 220 Alien Tech Used (0) 0 Bonus (7) 7 TOTAL SCORE: 7763 Bonus ------- High Alert Combat Kills 892 Follower Combat Kills 96 Friendly Fire -981 Cogmind --------- Core Integrity 0/700 Matter 290/300 Energy 94/160 System Corruption 50% Temperature Cool (9) Movement Walking (190) Ox1 Location -7/Factory Parts ------- > --- POWER (1) -------- Light Nuclear Core > --- PROPULSION (6) --- Aluminum Leg Aluminum Leg Carbon-fiber Leg > --- UTILITY (3) ------ High-capacity Storage Unit Graphene Brace > --- WEAPON (3) ------- Power Maul Power Maul Chainsword > --- INVENTORY (20) --- Experimental Heat Sink Huge Storage Unit Structural Scanner Experimental Sensor Array Active Sensor Suite Transmission Jammer Improved Trap Extractor (0/6) Cooled Plasma Cannon Long-range Phase Cannon Long-range Phase Cannon Long-range Phase Cannon Long-range Phase Cannon Precision Grenade Launcher Power Maul Power Maul Peak State ------------ > --- POWER ------------ Micro Nuclear Core > --- PROPULSION ------- Medium Treads Medium Treads Aluminum Leg Carbon-fiber Leg Carbon-fiber Leg Carbon-fiber Leg > --- UTILITY ---------- High-capacity Storage Unit Force Booster Graphene Brace > --- WEAPON ----------- Power Maul Power Maul Power Maul > --- INVENTORY -------- Experimental Heat Sink Experimental Heat Sink Huge Storage Unit Structural Scanner Experimental Sensor Array Active Sensor Suite Transmission Jammer Improved Trap Extractor Cooled Plasma Cannon Long-range Phase Cannon Long-range Phase Cannon Long-range Phase Cannon Long-range Phase Cannon Precision Grenade Launcher Power Maul Power Maul Chainsword [Rating: 57] Favorites ----------- Power Micro Nuclear Core Engine Ion Engine Power Core Micro Nuclear Core Propulsion Improved Aluminum Leg Treads Advanced Treads Leg Improved Aluminum Leg Wheel Wheel Utility High-capacity Storage Unit Device Improved Heat Sink Storage High-capacity Storage Unit Processor Improved Terrain Scan Processor Protection Light Armor Plating Weapon Heavy EM Pulse Gun Energy Gun Heavy EM Pulse Gun Energy Cannon Long-range Phase Cannon Ballistic Gun Light Assault Rifle Launcher Precision Grenade Launcher Impact Weapon Power Maul Slashing Weapon Chainsword Build | -11 -10 -10 -10 -9 -8 -7 ------- Run | Scr Mat Min Exi Min Mat Fac Slots Evolved 6 | . . . . . 4 2 Power . | . . . . . . . Propulsion 4 | . . . . . 3 1 Utility 1 | . . . . . 1 . Weapon 1 | . . . . . . 1 Parts Attached 122 | 6 11 10 . 3 20 72 Power 9 | 1 1 1 . . . 6 Engine 3 | 1 1 1 . . . . Core 6 | . . . . . . 6 Reactor . | . . . . . . . Propulsion 43 | 2 4 5 . 1 8 23 Treads 18 | 2 . . . . 1 15 Leg 23 | . 4 5 . 1 5 8 Wheel 2 | . . . . . 2 . Hover . | . . . . . . . Flight . | . . . . . . . Utility 27 | 1 3 2 . 2 2 17 Device 22 | . 2 1 . 2 1 16 Storage 3 | 1 1 1 . . . . Processor 1 | . . . . . . 1 Hackware . | . . . . . . . Protection 1 | . . . . . 1 . Artifact . | . . . . . . . Weapon 43 | 2 3 2 . . 10 26 Energy Gun 15 | 1 2 2 . . 5 5 Energy Cannon 4 | . . . . . . 4 Ballistic Gun 5 | 1 1 . . . 2 1 Ballistic Cannon . | . . . . . . . Launcher 10 | . . . . . 3 7 Special Weapon . | . . . . . . . Impact Weapon 5 | . . . . . . 5 Slashing Weapon 4 | . . . . . . 4 Piercing Weapon . | . . . . . . . Special Melee Weapon . | . . . . . . . Unidentified Prototypes 9 | . . 1 . . 1 7 Corrupted Parts 6 | . . . . . . 6 System Corruption 29 | . . . . . . 29 Parts Lost 38 | . . . . . 10 28 Power 4 | . . . . . 1 3 Propulsion 21 | . . . . . 5 16 Utility 6 | . . . . . 2 4 Weapon 7 | . . . . . 2 5 Highest Loss Streak 8 | . . . . . 8 7 To Critical Strikes . | . . . . . . . Average Slot Usage (%) 88 | . 98 99 100 100 78 74 Engine 8 | . 14 14 14 14 5 . Core 2 | . . . . . . 6 Treads 7 | . . . . . 2 20 Leg 20 | . 27 27 28 28 31 6 Device 10 | . 13 13 14 14 9 6 Storage 11 | . 14 14 14 14 9 7 Energy Gun 17 | . 24 27 28 28 12 5 Energy Cannon 1 | . . . . . . 3 Ballistic Gun 1 | . 3 . . . 2 . Launcher 1 | . . . . . 2 2 Impact Weapon 2 | . . . . . . 7 Naked Turns . | . . . . . . . Heaviest Build 74 | 13 32 67 67 67 68 74 Greatest Support 130 | 40 40 26 26 26 65 130 Greatest Overweight (x) 20 | . 4 2 2 2 4 20 Average Overweight (x) 1 | . . 1 2 2 1 . Largest Inventory Capacity 20 | 8 15 20 20 20 20 20 Average Capacity 18 | 7 14 19 20 20 20 20 Most Carried 20 | 3 15 20 20 20 20 20 Average Carried 16 | 1 13 19 20 19 18 18 Final Capacity 20 | 8 15 20 20 20 20 20 Final Carried 20 | 3 14 20 20 20 20 17 Class Distribution -------------------- 80% | Mutant 12% | Scavenger-Mutant 5% | Gunner Dominant Class ---------------- Mutant | -10/Materials Mutant | -10/Mines Mutant | -10/Exiles Mutant | -9/Mines Scavenger-Mutant | -8/Materials Mutant | -7/Factory Resources | -11 -10 -10 -10 -9 -8 -7 ----------- Run | Scr Mat Min Exi Min Mat Fac Matter Collected 1945 | 229 185 105 . 10 325 1091 Remotely . | . . . . . . . Salvage Created 4216 | . 603 198 . 120 711 2584 Parts 194 | . 34 5 . 6 40 109 Haulers Intercepted 4 | . 1 . . . . 3 Recyclers Shooed 4 | . . . . 1 . 3 Parts Field Recycled . | . . . . . . . Retrieved Matter . | . . . . . . . Parts Self-Destructed . | . . . . . . . Prevented . | . . . . . . . Kills | -11 -10 -10 -10 -9 -8 -7 ------- Run | Scr Mat Min Exi Min Mat Fac Combat Hostiles Destroyed 89 | . 11 3 . 2 15 58 Melee 12 | . . . . . . 12 Guns 28 | . 11 2 . 2 7 6 Cannons 5 | . . . . . . 5 AOE 29 | . . . . . 6 23 Classes Destroyed 20 | . 6 2 . 1 5 6 Worker 10 | . . . . . 1 9 Builder 4 | . . . . . . 4 Tunneler 2 | . 1 . . . . 1 Hauler 4 | . 1 . . . . 3 Recycler 6 | . . . . 1 1 4 Mechanic 1 | . . . . . . 1 Operator 2 | . 1 . . . 1 . Drone 3 | . . 3 . . . . Watcher 6 | . 3 . . . 1 2 Swarmer 17 | . 3 1 . 3 . 10 Cutter 1 | . . . . . 1 . Grunt 41 | . 8 1 . . 9 23 Brawler 5 | . . . . . 2 3 Duelist 4 | . . . . . 1 3 Protector 4 | . . . . . . 4 Sentry 4 | . . 1 . . 1 2 Specialist 2 | . . . . . . 2 Hunter 4 | . . . . . . 4 Programmer 7 | . . . . . . 7 Heavy 1 | . . . . . 1 . Thug 1 | . . 1 . . . . Best Kill Streak 18 | . 4 1 . 3 7 18 Combat Bots Only 10 | . 3 1 . 2 7 10 Max Kills in Single Turn 5 | . 2 3 . 2 2 5 Gunslinging 1 | . 1 . . . . . Exploded 4 | . . . . . 2 4 Melee 1 | . . . . . . 1 Uniques/NPCs Destroyed . | . . . . . . . Combat | -11 -10 -10 -10 -9 -8 -7 -------- Run | Scr Mat Min Exi Min Mat Fac Damage Taken 6349 | . 427 272 . 55 1064 4531 Core 1040 | . 18 117 . 9 195 701 Absorbed by Shields . | . . . . . . . Regen/Repaired (Parts) 119 | . 119 . . . . . Core Remaining (%) 68 | 100 . . . 42 64 . Volleys Fired 205 | . 52 15 . 7 57 74 Largest 3 | . 2 2 . 2 2 3 Hottest 188 | . 90 150 . 150 150 188 Shots Fired 360 | . 104 30 . 14 88 124 Gun 299 | . 104 30 . 14 76 75 Cannon 24 | . . . . . . 24 Launcher 37 | . . . . . 12 25 Special . | . . . . . . . Kinetic 72 | . 54 . . . 5 13 Thermal 168 | . . 6 . 14 71 77 Explosive 37 | . . . . . 12 25 Electromagnetic 83 | . 50 24 . . . 9 Robot Hit Streak 18 | . 7 6 . 9 12 18 Robot Miss Streak 5 | . 5 2 . 3 3 4 Penetration Max . | . . . . . . . Secondary Targets 5 | . 2 . . 1 1 1 Max Gunslinging Chain 1 | . 1 . . 1 1 1 Shots Hit Robots 321 | . 62 17 . 6 62 174 Core Hits 192 | . 22 9 . 4 32 125 Critical Kills . | . . . . . . . Critical Parts Destroyed 12 | . . . . . . 12 Critical Strikes 21 | . 1 1 . . 4 15 Burn 5 | . . . . . 4 1 Corrupt 2 | . 1 1 . . . . Smash 12 | . . . . . . 12 Sever 2 | . . . . . . 2 Melee Attacks 109 | . . . . . . 109 Impact 80 | . . . . . . 80 Slashing 29 | . . . . . . 29 Piercing . | . . . . . . . Sneak Attacks 4 | . . . . . . 4 Combat Hostiles 1 | . . . . . . 1 Follow-up Attacks 23 | . . . . . . 23 Damage Inflicted 13674 | . 882 562 . 228 1933 10069 Guns 3756 | . 811 290 . 228 1160 1267 Cannons 595 | . . . . . . 595 Explosions 5556 | . 71 246 . . 773 4466 Melee 3733 | . . . . . . 3733 Ramming 34 | . . 26 . . . 8 Kinetic 480 | . 246 . . . 54 180 Thermal 3766 | . 71 329 . 228 1106 2032 Explosive 4773 | . . . . . 773 4000 Electromagnetic 888 | . 565 207 . . . 116 Impact 2892 | . . . . . . 2892 Slashing 841 | . . . . . . 841 Piercing . | . . . . . . . Highest Corruption 50 | . . . . . . 50 Average Corruption 11 | . . . . . . 11 Corruption Purged . | . . . . . . . Corruption Blocked . | . . . . . . . Effects 52 | . . . . . . 52 Message Errors 15 | . . . . . . 15 Matter Fused 11 | . . . . . . 11 Heat Flow Errors 8 | . . . . . . 8 Energy Discharges 8 | . . . . . . 8 Parts Rejected 2 | . . . . . . 2 Data Loss (minor) 2 | . . . . . . 2 Data Loss (major) 1 | . . . . . . 1 Misfires 1 | . . . . . . 1 Alerts 2 | . . . . . . 2 Misdirections 2 | . . . . . . 2 Overload Shots . | . . . . . . . Overflow Damage 1412 | . 21 44 . . 2 1345 Projectiles 172 | . . . . . . 172 Explosions 245 | . 21 44 . . 2 178 Melee 995 | . . . . . . 995 Knockbacks 24 | . . . . . . 24 Impact 19 | . . . . . . 19 Kinetic . | . . . . . . . Secondary 5 | . . . . . . 5 Self-Inflicted Damage 272 | . 25 . . . 65 182 Shots 14 | . 1 . . . 4 9 Rammed 1 | . . . . . . 1 Targets Rammed 8 | . . 7 . . . 1 Kicked 7 | . . 7 . . . . Crushed . | . . . . . . . Highest Temperature 482 | . 43 240 . 482 305 342 Average Temperature 105 | . 10 95 . 257 106 98 Received Heat Transfer 1827 | . 225 99 . . 504 999 Effects 4 | . . . . 1 . 3 Shutdowns 1 | . . . . 1 . . Interference 3 | . . . . . . 3 Siege Activations . | . . . . . . . Robots Corrupted 1 | . 1 . . . . . Combat Hostiles . | . . . . . . . Parts Fried 23 | . 4 1 . . . 18 Impact Corruptions 38 | . . . . . . 38 Robots Melted 2 | . . . . . 2 . Combat Hostiles 2 | . . . . . 2 . Parts Melted 12 | . . 1 . 1 3 7 Heat Transferred 6395 | . 100 448 . 407 2331 3109 Parts Sabotaged . | . . . . . . . Parts Stolen . | . . . . . . . Parts Stripped . | . . . . . . . Power Chain Reactions 4 | . 2 2 . . . . Missiles Intercepted . | . . . . . . . Alert | -11 -10 -10 -10 -9 -8 -7 ------- Run | Scr Mat Min Exi Min Mat Fac Peak Influence 1245 | . 206 106 . 73 307 1245 Initial 130 | . . 44 . . 27 130 Average 260 | . 67 42 . 30 174 571 Maximum Alert Level 4 | . 1 . . . 1 4 Low Security (%) 65 | 100 98 100 . 100 44 24 Level 1 9 | . 1 . . . 55 9 Level 2 7 | . . . . . . 20 Level 3 13 | . . . . . . 35 Level 4 3 | . . . . . . 9 Level 5 . | . . . . . . . High Security . | . . . . . . . Max Security . | . . . . . . . Squads Dispatched 21 | . 2 . . . 4 15 Investigation 2 | . 2 . . . . . Extermination 5 | . . . . . . 5 Reinforcement 7 | . . . . . 4 3 Assault 7 | . . . . . . 7 Garrison . | . . . . . . . Intercept . | . . . . . . . Searches Triggered . | . . . . . . . Construction Impeded 3 | . . . . . 2 1 Haulers Reinforced 1 | . . . . . . 1 Active Scanning Responses . | . . . . . . . Cargo Convoy Interrupts 1 | . . . . . . 1 Stealth | -11 -10 -10 -10 -9 -8 -7 --------- Run | Scr Mat Min Exi Min Mat Fac Distress Signals 3 | . 1 1 . . 1 . Communications Jammed . | . . . . . . . Distress Signals . | . . . . . . . Times Spotted 164 | . 26 9 . 5 26 98 Peak Tracking Total 12 | . 5 2 . 4 9 12 Tactical Retreats 9 | . 1 1 . . . 7 Traps | -11 -10 -10 -10 -9 -8 -7 ------- Run | Scr Mat Min Exi Min Mat Fac Traps Triggered 3 | . 1 . . . . 2 Indirectly . | . . . . . . . Trap Hack Attempts . | . . . . . . . Triggered . | . . . . . . . Disarmed . | . . . . . . . Reprogrammed . | . . . . . . . Reused . | . . . . . . . Traps Extracted . | . . . . . . . Installed . | . . . . . . . Triggered 1 | . . . . . . 1 Machines | -11 -10 -10 -10 -9 -8 -7 ---------- Run | Scr Mat Min Exi Min Mat Fac Machines Disabled 16 | . 1 1 . . 2 12 Max in Single Turn 4 | . 1 1 . . 1 4 Machines Sabotaged . | . . . . . . . Garrisons Compromised . | . . . . . . . Overloaded Fab Kills . | . . . . . . . Hacking | -11 -10 -10 -10 -9 -8 -7 --------- Run | Scr Mat Min Exi Min Mat Fac Machines Accessed 17 | . 9 2 1 . 2 3 Terminals 11 | . 7 . . . 2 2 Fabricators . | . . . . . . . Repair Stations 1 | . 1 . . . . . Recycling Units 1 | . 1 . . . . . Scanalyzers 1 | . . . . . . 1 Garrison Access . | . . . . . . . Total Hacks 47 | . 22 2 1 . 8 14 Successful 29 | . 14 2 1 . 5 7 Failed 18 | . 8 . . . 3 7 Catastrophic 1 | . . . . . 1 . Database Lockouts . | . . . . . . . Manual 33 | . 14 . . . 8 11 Terminals 33 | . 14 . . . 8 11 Fabricators . | . . . . . . . Repair Stations 5 | . 5 . . . . . Recycling Units 3 | . 3 . . . . . Scanalyzers 3 | . . . . . . 3 Garrison Access . | . . . . . . . Terminal Hacks 10 | . 2 2 1 . 2 3 Record 1 | . . . 1 . . . Part Schematic 1 | . . . . . . 1 Prototype ID Bank 1 | . . . . . . 1 Open Door 2 | . . 2 . . . . Branch Access Points 1 | . . . . . 1 . Terminal Index 3 | . 1 . . . 1 1 Locate Traps 1 | . 1 . . . . . Fabricator Hacks . | . . . . . . . Repair Station Hacks 4 | . 4 . . . . . Scan Component 2 | . 2 . . . . . Repair 2 | . 2 . . . . . Recycling Unit Hacks 1 | . 1 . . . . . Retrieve Components 1 | . 1 . . . . . Scanalyzer 2 | . . . . . . 2 Insert Component 2 | . . . . . . 2 Garrison Access Hacks . | . . . . . . . Unauthorized Hacks 12 | . 7 . . . 3 2 Terminals 11 | . 6 . . . 3 2 Assimilate 4 | . 4 . . . . . Botnet 3 | . 1 . . . 1 1 Operators 4 | . 1 . . . 2 1 Fabricators . | . . . . . . . Repair Stations . | . . . . . . . Recycling Units 1 | . 1 . . . . . Tunnel 1 | . 1 . . . . . Scanalyzers . | . . . . . . . Garrison Access . | . . . . . . . Data Cores Recovered . | . . . . . . . Used . | . . . . . . . Hacking Detections 11 | . 6 . . . 2 3 Full Trace Events . | . . . . . . . Feedback Events . | . . . . . . . Feedback Blocked . | . . . . . . . Robot Schematics Acquired . | . . . . . . . Robots Built . | . . . . . . . Authchips . | . . . . . . . Time . | . . . . . . . Total Robot Build Rating . | . . . . . . . Part Schematics Acquired 1 | . . . . . . 1 Parts Built . | . . . . . . . Authchips . | . . . . . . . Time . | . . . . . . . Total Part Build Rating . | . . . . . . . Parts Repaired 2 | . 2 . . . . . Time 64 | . 64 . . . . . Parts Recycled . | . . . . . . . Recycled Matter . | . . . . . . . Retrieved Matter . | . . . . . . . Retrieved Components 10 | . 10 . . . . . Parts Scanalyzed 1 | . . . . . . 1 Part Schematics Acquired . | . . . . . . . Parts Damaged . | . . . . . . . Bothacking | -11 -10 -10 -10 -9 -8 -7 ------------ Run | Scr Mat Min Exi Min Mat Fac Used RIF Installer . | . . . . . . . Robots Hacked . | . . . . . . . Non-combat . | . . . . . . . Combat . | . . . . . . . Robot Hacks Applied . | . . . . . . . Relay Couplers Released . | . . . . . . . Fabnet Peak Effective % . | . . . . . . . Robots Rewired . | . . . . . . . Allies Hacked . | . . . . . . . Hacks Repelled . | . . . . . . . Allies | -11 -10 -10 -10 -9 -8 -7 -------- Run | Scr Mat Min Exi Min Mat Fac Total Allies 11 | . 3 3 . 3 2 . Largest Group 5 | . 3 4 3 5 3 . Highest-Rated Group 99 | . 30 38 30 61 99 . Highest-Rated Ally 89 | . 10 10 10 31 89 . Total Orders 13 | . . 7 . 2 4 . STAY 4 | . . 2 . . 2 . FOLLOW 4 | . . 2 . . 2 . RETURN 5 | . . 3 . 2 . . Ally Attacks 39 | . . 14 . 6 19 . Total Damage 207 | . . 84 . 24 99 . Kills 6 | . . 2 . 1 3 . Allies Corrupted . | . . . . . . . Allies Melted . | . . . . . . . Intel | -11 -10 -10 -10 -9 -8 -7 ------- Run | Scr Mat Min Exi Min Mat Fac Robot Analysis Total . | . . . . . . . Derelict Logs Recovered 3 | . . 2 . 1 . . Drone Launches 37 | . . 14 . 4 19 . Drone Recoveries 31 | . . 11 . 4 16 . Exploration | -11 -10 -10 -10 -9 -8 -7 ------------- Run | Scr Mat Min Exi Min Mat Fac Turns Passed 8059 | 69 2309 1446 333 272 729 2901 Spaces Moved 3074 | 41 880 582 129 91 244 1107 Core 9 | 7 1 . . . . 1 Treads 907 | 34 15 . . . 36 822 Legs 2004 | . 864 582 129 91 191 147 Wheels 154 | . . . . . 17 137 Hover . | . . . . . . . Flight . | . . . . . . . Fastest Speed 50 | 50 120 190 260 260 110 110 Average Speed 202 | 141 186 228 260 260 191 194 Slowest Speed 1050 | 160 250 260 260 260 330 1050 Overloaded Moves . | . . . . . . . Propulsion Burnouts . | . . . . . . . Robots Hopped . | . . . . . . . Cave-ins Triggered . | . . . . . . . Exploration Rate (%) 43 | 3 95 50 49 35 34 38 Regions Visited 6 Branch Regions 3 Pre-discovered Areas 1 | . 1 . . . . . Known Exits Taken 1 | . . . . . 1 . Unknown Exits Taken 5 | 1 1 1 1 1 . . Scrap Searched 2 | . . 1 . 1 . . Spaces Dug 19 | . . . . . 12 7 Terrain Destroyed 228 | . 8 12 . . 47 161 Melee 3 | . . . . . . 3 Projectile 10 | . . . . . 2 8 AOE 215 | . 8 12 . . 45 150 Terrain Rammed . | . . . . . . . Walls Destroyed . | . . . . . . . Machines Disabled . | . . . . . . . Actions | -11 -10 -10 -10 -9 -8 -7 --------- Run | Scr Mat Min Exi Min Mat Fac Total 4390 | 49 1456 662 128 113 415 1567 Wait 783 | . 488 32 . 11 82 170 Move 3068 | 40 879 581 128 90 243 1107 Hop . | . . . . . . . Pick Up 62 | 3 16 9 . 1 7 26 Fast Attach 62 | 6 7 4 . . 7 38 Attach 31 | . 3 3 . 1 7 17 Detach 6 | . 1 1 . . . 4 Swap 29 | . 1 3 . 2 6 17 Drop 53 | . 9 7 . 1 6 30 Fire 205 | . 52 15 . 7 57 74 Melee 78 | . . . . . . 78 Ram . | . . . . . . . Kick 7 | . . 7 . . . . Crush 1 | . . . . . . 1 Escape Stasis 5 | . . . . . . 5 Rewire . | . . . . . . . Trap . | . . . . . . . Miscellaneous . | . . . . . . . Route ------- -11/Scrapyard -10/Materials (discovered 5 exits: [*Mat x3] / *Min x2) -10/Mines (discovered 2 exits: [*Mat] / *Exi) -10/Exiles (discovered 2 exits: [*Min x2]) -9/Mines -8/Materials (discovered 2 exits: *Fac x2) -7/Factory History --------- Turn | Location | Event 8 | -11/Scrapyard | Discovered new exit (range 15) 70 | -11/Scrapyard | Entered Materials 320 | -10/Materials | Build established: Mutant 370 | -10/Materials | Discovered new exit (range 8) 415 | -10/Materials | Discovered new exit (range 13) 478 | -10/Materials | Repaired Imp. Aluminum Leg 511 | -10/Materials | Repaired Imp. Aluminum Leg 694 | -10/Materials | Discovered new exit (range 5) 1253 | -10/Materials | Discovered new exit (range 10) 2191 | -10/Materials | Discovered new exit (range 13) 2379 | -10/Materials | Entered Mines 2379 | -10/Mines | Accompanied by 3 allies 2397 | -10/Mines | Met a Derelict bent on vengeance 2414 | -10/Mines | Found a damaged Exp. Sensor Array with a note attached 2418 | -10/Mines | Found Prototype Device 2511 | -10/Mines | Discovered new exit (range 4) 2533 | -10/Mines | Met a Derelict who couldn't figure out how to use a Trap Extractor 2905 | -10/Mines | Found the Drone Emporium 2912 | -10/Mines | Found Prototype Device 2912 | -10/Mines | Identified Splice Drone Bay 2940 | -10/Mines | Learned 4 Materials zone layouts 3040 | -10/Mines | Learned Materials trap positions 3074 | -10/Mines | Joined a pair of Derelicts in attacking an 0b10 outpost 3182 | -10/Mines | Deemed a non-threat by the Exiles lab entrance 3182 | -10/Mines | Discovered new exit (range 5) 3389 | -10/Mines | Core integrity fell below 50% 3825 | -10/Mines | Entered Exiles 3825 | -10/Exiles | Found Exiles lab abandoned 3825 | -10/Exiles | Accompanied by 3 allies 3864 | -10/Exiles | Discovered new exit (range 15) 4122 | -10/Exiles | Discovered new exit (range 14) 4158 | -10/Exiles | Entered Mines 4158 | -9/Mines | Accompanied by 3 allies 4161 | -9/Mines | Received a Mining Laser from a helpful Derelict 4390 | -9/Mines | Discovered new exit (range 11) 4400 | -9/Mines | Learned location of 1 exit from Materials 4430 | -9/Mines | Entered Materials 4430 | -8/Materials | Accompanied by 3 allies 4430 | -8/Materials | Evolved 4 slots: Propulsion x3, Utility x1 4431 | -8/Materials | Identified exit to Factory 4433 | -8/Materials | Loaded intel: 13 trap records 4689 | -8/Materials | Found Prototype Device 4922 | -8/Materials | Destroyed 7 combat bots 4930 | -8/Materials | Lost 8 parts (1p4n2u1w) 4933 | -8/Materials | Discovered exit to Factory (range 15) 5159 | -8/Materials | Entered Factory 5159 | -7/Factory | Evolved 2 slots: Propulsion x1, Weapon x1 5368 | -7/Factory | Identified Exp. Sensor Array 5620 | -7/Factory | Identified Active Sensor Suite 6133 | -7/Factory | Cargo convoy interrupted 6192 | -7/Factory | Destroyed 10 combat bots 6221 | -7/Factory | Lost 7 parts (6n1w) 6423 | -7/Factory | Lost 3 parts (1u2w) 6781 | -7/Factory | Core integrity fell below 50% 7200 | -7/Factory | First assault squad dispatched 7394 | -7/Factory | System corruption reached 10% 7691 | -7/Factory | Build established: Scavenger-Mutant 7709 | -7/Factory | Core integrity fell below 20% 7794 | -7/Factory | System corruption reached 30% 7805 | -7/Factory | Destroyed 10 combat bots 7914 | -7/Factory | Lost 3 parts (2n1u) 7974 | -7/Factory | Lost 3 parts (1p1n1w) 8060 | -7/Factory | Destroyed by G-50 Soldier with Heavy Laser Last Messages --------------- 08041_ B-48 Gladiator Rnf. Deuterium Engine severed. 08042_ R-06 Scavenger collects Aluminum Leg. 08044_ Exp. Heat Sink destroyed. 08044_ Carbon-fiber Leg destroyed. 08044_ System corrupted by crushing effect (+4). 08044_ System corrupted by crushing effect (+1). 08045_ R-06 Scavenger collects Rnf. Deuterium Engine. 08047_ R-06 Scavenger collects Lgt. Treads. 08050_ R-06 Scavenger collects Rnf. Deuterium Engine. 08050_ Med. Treads destroyed. 08050_ System corrupted by crushing effect (+3). 08053_ B-48 Gladiator destroyed. 08054_ R-06 Scavenger collects Corrupted Mace. 08054_ C-30 ARC bursts open, deploying its payload. 08054_ G-50 Soldier unfolds itself. 08054_ L-41 Fighter unfolds itself. 08054_ G-47 Trooper unfolds itself. 08054_ M-28 Smith unfolds itself. 08059_ K-01 Serf collects debris. 08059_ Acquired Lgt. Nuclear Core. Map ----- +----------------------------------------------------+ | ?????????????????????????????????????????????????? | | ?????????????????????????????????????????????????? | | ?????????????????????????????????????????????????? | | ?????????????????????????????????????????????????? | | ????????????????????????????????????????????#?##+# | | ???????????????????????o?????????????????#???? | | ??????????????????????????????????? ??????#??? ! | | ?????????????????????????????????????????????# | | ?????????????????????????????????????#??????#? | | ????????????????????????????????????#??###???# | | ???????????????????????????????????#?? ## | | ????????????????????????????????????# "" ?# | | ?????????????????????????????? ?? ?? """ ??## | | ######??????????????????????# ? """ ! ?# | | ?????????????????????# ## | | ??????????????????????# ! " # | | ??????????????????????# = | | ???????????????????????# !% " / T | | ???????????????????????# = ] # | | #?????????????????????? # % # ##### ! | | #???????????????????????+ [ * ??### # | | ####+##########????????## ####?# # | | # ########### % " #!##"### # | | # / igt "%" *% ! ! | | # ######/####### =!== | ##+# | | #? # mr@ ## # %! ## % | | #??? ?# ! [ "" #??# # ! * ##!% | | #????? ???# k ""S ####### %* ## | | ########/###### "" #??### ##+# !##/## % | | "+% ##?## # | | % ##### """"""""" ##### ! * " | | %% #???# #?### "## | | #######+####################?## | | # % #???? ???? ##### | | # """!""" #?????"""? ???##?# === | | # ! """ """ #????????? # # [ !!] | | # """ """ #???????"?? ?##?# !!%!! | | # #???????? ? ??#?# / !!# | | ##############????"?????? ##??# # | | #???????????????????"? ? ?#???# | | #????????????????????? ???#???# " | | #???????????????????????#??#####""""""###+#### | | ????????????????????? ???? | | ??????????????????? ?? ? | | ?????????????????????????? | | ????????????????????????????? | | ?????????????????????????????? | | ???????????????????????????????##############+#### | | ???????????????????????????????????????#??? | | ??????????????????????????????????#?????? | +----------------------------------------------------+ Best States ------------- Heat Dissipation 60 Energy Generation 18 Energy Capacity 250 Matter Stores 300 Matter Capacity 300 Sight Range 16 Terrain Scan Range 16 Terrain Scan Density 110 EM Shielding 2 Armor Coverage 150 Evasion (%) 55 Recoil Reduction 6 Particle Charging 15 Force Boost 20 Item Schematics ----------------- Huge Storage Unit | -7/Factory | Hacked Robot Schematics ------------------ None Fabricated ------------ Nothing Alien Tech Used ----------------- None Achievements -------------- None Challenges ------------ None Game ------ Seed DefenseAlloyRouter Manual? 0 Play Time 00:37:09 Cumulative 233.1 hours Start 2022.04.08 @ 00:00:14 End 2022.04.08 @ 00:37:25 Sessions 1 Manual Loads 0 Difficulty Rogue Special Mode None Game No. 333 Rogue 311 Adventurer 4 Explorer 18 Win Type - Total 10 Types 8/0/0/2/0/0/0/0/0 Lore% 70 Gallery% 88 Achievement% 71 Wizard Run 0 Options --------- ASCII 0 Keyboard 1 Movement Numpad Keybinds 0 Fullscreen 1 Font 18/SmallcapsGlow Map View 76x50 Tactical HUD 1 Map Filters NONE Filters NONE Steam 1 RUN: 57eaca1f-f927-487c-8be0-a086688b60ab